 Dungeon Sprint DCSS version 0.28-a0-71-g84acfa7270 (webtiles) character file.

Game seed: 13541193896592679169

6290 Zeldest the Unseen (level 10, -24/59 HPs)
             Began as a Vine Stalker Brigand on Aug 2, 2021.
             Was the Champion of Cheibriados.
             Annihilated by a boulder beetle (40 damage)
             ... in the Dungeon (Sprint IX: "|||||||||||||||||||||||||||||").
             The game lasted 00:05:11 (544 turns).

Zeldest the Unseen (Vine Stalker Brigand)            Turns: 544, Time: 00:05:12

Health: -24/59     AC:  8    Str: 29    XL:     10   Next: 94%
Magic:  0/18       EV: 23    Int: 26    God:    Cheibriados [******]
Gold:   0          SH:  0    Dex: 37    Spells: 9/9 levels left

rFire   . . .      SeeInvis .   a - +2 dagger
rCold   . . .      Faith    .   (no shield)
rNeg    . . .      Spirit   +   g - +0 acid dragon scales
rPois   .          Reflect  .   (no helmet)
rElec   .          Harm     .   c - +0 cloak
rCorr   +          Rampage  .   m - +0 pair of gloves
Will    +....      NoTele   +   (no boots)
Stlth   ++++++++..              (no amulet)
HPRegen 1.19/turn               n - +3 ring of dexterity
MPRegen 0.16/turn               (no ring)

@: very slow
A: fangs 3, regeneration 1, magic shield, antimagic bite, no potion heal 2
a: Renounce Religion, Bend Time, Temporal Distortion, Slouch, Step From Time


You were in the Dungeon.
You worshipped Cheibriados.
Cheibriados was exalted by your worship.
You visited 1 branch

Inventory:

Hand Weapons
 a - a +2 dagger (weapon)
 b - a +2 rapier of draining
Missiles
 d - 11 poisoned darts (quivered)
 e - 2 curare-tipped darts
Armour
 c - a +0 cloak (worn)
 g - +0 acid dragon scales (worn)
 l - a +0 robe
 m - a +0 pair of gloves (worn)
Jewellery
 n - a +3 ring of dexterity (left hand)
 o - a +3 ring of intelligence
 r - the ring "Neuch" {Fly Int+6 Dex-2}
   (You found it in the Dungeon)

   [ring of flight]

   Int:       It affects your intelligence (+6).
   Dex:       It affects your dexterity (-2).
   Fly:       It grants you flight.
Wands
 k - a wand of iceblast (9)
Scrolls
 i - 2 scrolls of amnesia
 j - a scroll of blinking
 s - a scroll of identify
 t - a scroll of fear
 u - 2 scrolls of enchant weapon
Potions
 f - 5 potions of curing
 h - 4 potions of magic
 p - a potion of brilliance


   Skills:
 + Level 9.9 Fighting
 + Level 11.4 Short Blades
 - Level 1.7 Throwing
 + Level 9.0 Dodging
 + Level 17.3 Stealth
 + Level 10.5 Invocations


You had 9 spell levels left.
You didn't know any spells.
Your spell library was empty.

Dungeon Overview and Level Annotations

Branches:
Dungeon (1/1)

Altars:
Cheibriados
Dithmenos
Elyvilon
Fedhas
Gozag
Hepliaklqana
Kikubaaqudgha
Makhleb
Nemelex Xobeh
Okawaru
Qazlal
Ru
Sif Muna
Trog
Uskayaw
Vehumet
Wu Jian
Xom
Yredelemnul
Zin
The Shining One
Beogh
Jiyva
Lugonu


Innate Abilities, Weirdness & Mutations

You have razor-sharp teeth.
Your natural rate of healing is unusually fast.
When hurt, damage is shared between your health and your magic reserves.
Your bite disrupts and absorbs the magic of your enemies.
Potions cannot restore your health.


Message History

You bite the boulder beetle, but do no damage.
The boulder beetle is severely wounded.
The boulder beetle misses you.
You hit the boulder beetle but do no damage.
You bite the boulder beetle, but do no damage.
The boulder beetle is severely wounded.
You hit the boulder beetle but do no damage.
You bite the boulder beetle, but do no damage.
The boulder beetle is severely wounded.
The boulder beetle misses you.
You hit the boulder beetle but do no damage.
You bite the boulder beetle, but do no damage.
The boulder beetle is severely wounded.
You barely miss the boulder beetle.
You bite the boulder beetle, but do no damage.
The boulder beetle is severely wounded.
The boulder beetle barely misses you.
You barely miss the boulder beetle.
You bite the boulder beetle, but do no damage.
The boulder beetle is severely wounded.
You hit the boulder beetle but do no damage.
You bite the boulder beetle, but do no damage.
The boulder beetle is severely wounded.
The boulder beetle bites you!!
* * * LOW HITPOINT WARNING * * *
You hit the boulder beetle. You bite the boulder beetle! You drain its power.
You feel invigorated.
The boulder beetle is almost dead.
You hit the boulder beetle but do no damage.
You bite the boulder beetle, but do no damage.
The boulder beetle is almost dead.
The boulder beetle leaps!
The boulder beetle curls into a ball and begins rolling!
There is an open door, spattered with blood here.
You hit the boulder beetle. You bite the boulder beetle! You drain its power.
You feel invigorated.
The boulder beetle is almost dead.
The boulder beetle hits you!!!
Ouch! That really hurt!
You die...

▓▓▓▓▓▓▓▓▓▓▓▓▓▓▓▓▓▓▓▓▓▓▓▓
......†@B........'††...(
▓▓▓▓▓▓▓▓▓▓▓▓▓▓▓▓▓▓▓▓▓▓▓▓▓▓▓▓▓▓▓▓▓
.................................
▓▓▓▓▓▓▓▓▓▓▓▓▓▓▓▓▓▓▓▓▓▓▓▓▓▓▓▓▓▓▓▓▓
.[.).!'________________________'.
▓▓▓▓▓▓▓▓▓▓▓▓▓▓▓▓▓▓▓▓▓▓▓▓▓▓▓▓▓▓▓▓▓


You could see a boulder beetle (rolling).

Vanquished Creatures
  A hydra (D)
  A death yak (D)
  An ugly thing (D)
  2 cyclopes (D)
  2 black mambas (D)
  A gargoyle (D)
  3 cane toads (D)
  A polar bear (D)
  A slime creature (D)
  A yak (D)
  A wyvern (D)
  A vampire mosquito (D)
  8 water moccasins (D)
  An acid dragon (D)
  An orc warrior (D)
  An ice beast (D)
  An ogre (D)
  A kobold brigand (D)
  A howler monkey (D)
  An adder (D)
  A worm (D)
  A bat skeleton (D)
  2 endoplasms (D)
  A goblin (D)
  2 kobolds (D)
38 creatures vanquished.

Notes
Turn   | Place    | Note
-------+----------+-------------------------------------------
     0 | D        | Zeldest the Vine Stalker Brigand began the quest for the
                  | Orb.
     0 | D        | Reached XP level 1. HP: 11/11 MP: 2/2
     6 | D        | Reached skill level 5 in Stealth
    15 | D        | Reached skill level 6 in Stealth
    24 | D        | Noticed an ice beast
    24 | D        | Noticed an ogre
    27 | D        | Reached skill level 7 in Stealth
    27 | D        | Reached XP level 2. HP: 15/15 MP: 3/3
    31 | D        | Killed an ogre
    32 | D        | Reached skill level 5 in Short Blades
    32 | D        | Reached skill level 10 in Stealth
    32 | D        | Reached XP level 3. HP: 18/18 MP: 4/4
    32 | D        | Gained mutation: Your natural rate of healing is unusually
                  | fast. [Vine Stalker growth]
    32 | D        | Reached XP level 4. HP: 23/23 MP: 5/5
    38 | D        | Killed an ice beast
    39 | D        | Reached skill level 12 in Stealth
    39 | D        | Reached XP level 5. HP: 26/26 MP: 6/6
    51 | D        | Found a snail-covered altar of Cheibriados.
    51 | D        | Found a shadowy altar of Dithmenos.
    51 | D        | Found a white marble altar of Elyvilon.
    51 | D        | Found a blossoming altar of Fedhas.
    51 | D        | Found an opulent altar of Gozag.
    52 | D        | Found a hazy altar of Hepliaklqana.
    53 | D        | Found a viscous altar of Jiyva.
    54 | D        | Found an ancient bone altar of Kikubaaqudgha.
    55 | D        | Became a worshipper of Cheibriados the Contemplative
    56 | D        | Found a corrupted altar of Lugonu.
    57 | D        | Found a burning altar of Makhleb.
    58 | D        | Found a sparkling altar of Nemelex Xobeh.
    59 | D        | Found an iron altar of Okawaru.
    60 | D        | Found a stormy altar of Qazlal.
    61 | D        | Found a sacrificial altar of Ru.
    62 | D        | Found a shimmering blue altar of Sif Muna.
    63 | D        | Found a bloodstained altar of Trog.
    64 | D        | Found a hide-covered altar of Uskayaw.
    65 | D        | Found a radiant altar of Vehumet.
    66 | D        | Found an ornate altar of the Wu Jian Council.
    67 | D        | Found a shimmering altar of Xom.
    68 | D        | Found a basalt altar of Yredelemnul.
    69 | D        | Found a glowing silver altar of Zin.
    70 | D        | Found a glowing golden altar of the Shining One.
   101 | D        | Noticed a wyvern
   101 | D        | Noticed a kobold brigand
   101 | D        | Noticed an orc warrior
   101 | D        | Noticed a gargoyle
   101 | D        | Noticed a yak
   103 | D        | Killed a yak
   104 | D        | Reached skill level 13 in Stealth
   104 | D        | Reached XP level 6. HP: 32/32 MP: 6/9
   109 | D        | Killed a gargoyle
   109 | D        | Reached * piety under Cheibriados
   110 | D        | Reached XP level 7. HP: 25/38 MP: 4/11
   112 | D        | Reached skill level 5 in Fighting
   112 | D        | Reached skill level 5 in Invocations
   118 | D        | Reached skill level 14 in Stealth
   122 | D        | Killed a wyvern
   122 | D        | Reached ** piety under Cheibriados
   123 | D        | Gained mutation: You have razor-sharp teeth. [Vine Stalker
                  | growth]
   123 | D        | Reached XP level 8. HP: 38/44 MP: 11/13
   130 | D        | Noticed a cyclops
   130 | D        | Noticed a purple ugly thing
   130 | D        | Noticed a slime creature
   130 | D        | Noticed a cyclops
   132 | D        | Reached *** piety under Cheibriados
   133 | D        | Reached skill level 5 in Dodging
   143 | D        | Killed a cyclops
   193 | D        | Killed a slime creature
   193 | D        | Reached **** piety under Cheibriados
   194 | D        | Reached skill level 15 in Stealth
   194 | D        | Reached XP level 9. HP: 24/49 MP: 15/15
   220 | D        | Killed a purple ugly thing
   228 | D        | Killed a cyclops
   349 | D        | Got the ring "Neuch" {Fly Int+6 Dex-2}
   361 | D        | Noticed a cane toad
   388 | D        | Noticed a five-headed hydra
   389 | D        | Reached ***** piety under Cheibriados
   390 | D        | Reached skill level 10 in Short Blades
   390 | D        | Noticed a polar bear
   394 | D        | Noticed a cane toad
   398 | D        | Killed a cane toad
   399 | D        | Reached skill level 16 in Stealth
   409 | D        | Killed a polar bear
   413 | D        | Reached XP level 10. HP: 20/57 MP: 14/17
   418 | D        | Killed a cane toad
   424 | D        | Killed a five-headed hydra
   446 | D        | Noticed a black mamba
   446 | D        | Noticed a cane toad
   447 | D        | Noticed a boulder beetle
   456 | D        | Reached ****** piety under Cheibriados
   457 | D        | Noticed a black mamba
   465 | D        | Killed a cane toad
   473 | D        | Noticed a death yak
   474 | D        | Killed a black mamba
   475 | D        | Reached skill level 10 in Invocations
   482 | D        | Killed a black mamba
   483 | D        | Reached skill level 17 in Stealth
   497 | D        | Killed a death yak
   544 | D        | Annihilated by a boulder beetle

Illustrated notes

Levels and vault maps discovered:
D:        linesprint [early_d, line_temple, items_1, d_10, items_2, lair_1,
          lair_end, items_3, orc_1, orc_end, items_4, d_15, swamp_1, shoals_1,
          snake_1, spider_1, d_20, vaults_1, items_5, swamp_end, shoals_end,
          snake_end, spider_end, vaults_end, d_27, items_6, zot_1, zot_end,
          crypt_end, forest_end, elf_end, slime_end, tomb_end, abyss_end,
          pan_hell_end]

Skill      XL: |  1  2  3  4  5  6  7  8  9 10 |
---------------+-------------------------------+-----
Short Blades   | 3 5 6 7 8 9 10 11 | 11.4
Stealth        | 7 10 12 13 14 15 16 17 | 17.3
Fighting       | 3 4 5 6 8 9 |  9.9
Dodging        | 2 3 4 6 7 9 |  9.0
Invocations    | 2 4 5 7 8 10 | 10.5
Throwing       | |  1.7

Action                   |  1- 3 |  4- 6 |  7- 9 | 10-12 || total
-------------------------+-------+-------+-------+-------++-------
Melee: Dagger            |    18 |    20 |    81 |   101 ||   220
       Bite              |     4 |     8 |    54 |    74 ||   140
Invok: Bend Time         |       |       |     1 |       ||     1
       Step From Time    |       |       |     1 |       ||     1
       Slouch            |       |       |     1 |       ||     1
Evoke: Wand              |       |       |     5 |     6 ||    11
  Use: Potion            |     2 |     1 |     1 |     1 ||     5
       Scroll            |       |       |     1 |     2 ||     3
 Stab: Sleeping          |     1 |     1 |     1 |       ||     3
       Invisible         |       |     1 |     4 |       ||     5
Armor: Robe              |     4 |     2 |       |       ||     6
       Acid dragon scale |       |       |     6 |     5 ||    11
Dodge: Dodged            |     5 |     4 |    48 |    50 ||   107

Table legend: (Time is in decaauts)
 A = Elapsed time spent in this place.
 B = Non-inter-level travel time spent in this place.
 C = Inter-level travel time spent in this place.
 D = Time resting spent in this place.
 E = Time spent auto-exploring this place.
 F = Levels seen in this place.
 G = Mean time per level.
                   A        B        C        D        E       F      G
               +--------+--------+--------+--------+--------+-----+--------+
         Total |    600 |    600 |      0 |      0 |      0 |   1 |  600.0 |
       Dungeon |    600 |    600 |      0 |      0 |      0 |   1 |  600.0 |
               +--------+--------+--------+--------+--------+-----+--------+

Top non-repeatable levels by time:
       D: 600 daAuts
